 Dungeon Crawl Stone Soup version 0.17-a0-1939-ga475588 (webtiles) character file.

19 achirane the Chucker (level 2, 0/25 HPs)
             Began as a Centaur Hunter on Sept 29, 2015.
             Slain by a giant gecko (1 damage)
             ... on level 1 of the Dungeon.
             The game lasted 00:02:47 (167 turns).

achirane the Chucker (Centaur Hunter)                Turns: 167, Time: 00:02:47

Health: 0/25       AC:  4    Str: 14    XL:     2   Next: 55%
Magic:  2/2        EV:  9    Int: 10    God:
Gold:   17         SH:  0    Dex:  9    Spells: 0 memorised, 1 level left

rFire  . . .     SeeInvis .     c - +0 short sword
rCold  . . .     Clarity  .     d - +0 leather armour
rNeg   . . .     SustAt   .     (no shield)
rPois  .         Gourm    .     (no helmet)
rElec  .         Spirit   .     (no cloak)
rCorr  .         Warding  .     (no gloves)
rMut   .         Stasis   .     (no barding)
MR     .....                    (no amulet)
Stlth  +.........               (no ring)
                                (no ring)

@: very quick, not resistant to hostile enchantments, very unstealthy
A: hooves 3, deformed body, speed 2, tough skin 3
a: no special abilities


You were on level 1 of the Dungeon.
You were not hungry.

You visited 1 branch of the dungeon, and saw 2 of its levels.

You collected 17 gold pieces.

Inventory:

Hand weapons
 c - a +0 short sword (weapon)
Missiles
 a - 6 javelins (quivered)
 b - 2 throwing nets {=f, !d}
 f - 3 poisoned needles
Armour
 d - a +0 leather armour (worn)
Potions
 g - 2 potions of cancellation {unknown}
 h - a potion of might {unknown}
Comestibles
 e - 2 bread rations {@e1}


   Skills:
 + Level 2.6 Fighting
 + Level 5.8 Throwing
 - Level 1.3 Dodging
 - Level 0.5 Stealth


You had one spell level left.
You didn't know any spells.

Dungeon Overview and Level Annotations

Branches:
Dungeon (2/15)

Altars:
Sif Muna


Innate Abilities, Weirdness & Mutations

You have hooves in place of feet.
Armour fits poorly on your strangely shaped body.
You cover ground very quickly.
You have extremely tough skin (AC +3).


Message History

Things that are here:
a javelin; 11 gold pieces
a - 4 javelins (gained 1)
You now have 17 gold pieces (gained 11).
You see here a javelin.
You closely miss the rat. The rat barely misses you.
You hit the rat.
You kill the rat!
a - 5 javelins (gained 1)
An adder comes into view.
Found a stone staircase leading up and a stone staircase leading down.
You see here a javelin.
a - 6 javelins (gained 1)
Found a stone staircase leading down.
There is a stone staircase leading up here.
You climb upwards.
There is a stone staircase leading down here.
A rat and a kobold come into view.
The kobold shouts!
The kobold throws a stone.
The stone hits you but does no damage.
You barely miss the rat. The rat bites you.
Throwing (i - inventory):
a - 6 javelins (quivered)
Press: ? - help, Shift-Dir - straight line, f - kobold
Aim: a kobold You throw a javelin.
The javelin hits the rat.
You kill the rat!
Throwing (i - inventory):
a - 5 javelins (quivered)
Press: ? - help, Shift-Dir - straight line, f/p - kobold
Aim: a kobold You throw a javelin.
The javelin closely misses the kobold.
The kobold hits you but does no damage.
Throwing (i - inventory):
a - 4 javelins (quivered)
Press: ? - help, Shift-Dir - straight line, f/p - kobold
Aim: a kobold You throw a javelin.
The javelin closely misses the kobold.
The kobold hits you but does no damage.
Throwing (i - inventory):
a - 3 javelins (quivered)
Press: ? - help, Shift-Dir - straight line, f/p - kobold
Aim: a kobold You throw a javelin.
The javelin closely misses the kobold.
The kobold barely misses you.
Throwing (i - inventory):
a - 2 javelins (quivered)
Press: ? - help, Shift-Dir - straight line, f/p - kobold
Aim: a kobold You throw a javelin.
The javelin closely misses the kobold.
Throwing (i - inventory):
a - a javelin (quivered)
Press: ? - help, Shift-Dir - straight line, f/p - kobold
Aim: a kobold You throw a javelin.
The javelin barely misses the kobold.
The kobold closely misses you.
You miss the kobold. Your kick misses the kobold. The kobold barely misses you.
You closely miss the kobold. You kick the kobold.
The kobold is heavily wounded.
The kobold completely misses you. The kobold closely misses you.
You hit the kobold.
You kill the kobold!
a - 6 javelins
Things that are here:
a kobold corpse; a rat corpse
h - a murky pink potion A hobgoblin comes into view.
It is wielding a club.
The hobgoblin shouts!
The hobgoblin hits you with a club.
You take 1 damage, and have 11/25 hp.
You hit the hobgoblin. Your kick misses the hobgoblin.
The hobgoblin is severely wounded.
The hobgoblin hits you but does no damage.
A giant gecko comes into view.
Your leather armour prevents you from hitting the hobgoblin.
The hobgoblin is severely wounded.
The giant gecko moves out of view.
The hobgoblin barely misses you.
You hit the hobgoblin.
You kill the hobgoblin!
Things that are here:
a club; a hobgoblin corpse You hit the giant gecko but do no damage.
Your kick misses the giant gecko.
The giant gecko bites you but does no damage.
You hit the giant gecko. Your kick misses the giant gecko.
The giant gecko is heavily wounded.
The giant gecko bites you but does no damage.
You miss the giant gecko.
The giant gecko is heavily wounded.
The giant gecko bites you. x2
* * * LOW HITPOINT WARNING * * *
You take 5 damage, and have 6/25 hp.
You miss the giant gecko.
The giant gecko is heavily wounded.
The giant gecko barely misses you.
You barely miss the giant gecko. You kick the giant gecko.
The giant gecko is severely wounded.
The giant gecko bites you.
* * * LOW HITPOINT WARNING * * *
You take 4 damage, and have 3/25 hp.
You barely miss the giant gecko.
The giant gecko is severely wounded.
The giant gecko bites you.
* * * LOW HITPOINT WARNING * * *
The giant gecko bites you.
You die...

#######..............
####......####.
#......# #...#####
##......# #......#
#......###.##
#....##......
#....@l....#
#..........#
#.####.##..# #. .# .#
#. .# #. .# .# ..


You could see a giant gecko.

Vanquished Creatures
  An adder (D:2)
  2 goblins (D:2)
  2 hobgoblins
  A kobold (D:1)
  3 rats
9 creatures vanquished.

Notes
Turn   | Place    | Note
--------------------------------------------------------------
     0 | D:1      | achirane the Centaur Hunter began the quest for the Orb.
     0 | D:1      | Reached XP level 1. HP: 17/17 MP: 1/1
    47 | D:2      | Found a deep blue altar of Sif Muna.
    77 | D:2      | Reached XP level 2. HP: 11/25 MP: 2/2
   164 | D:1      | HP: 6/25 [giant gecko (3)]
   167 | D:1      | HP: 1/25 [giant gecko (2)]
   167 | D:1      | Slain by a giant gecko

Vault maps used:
D:1:      dpeg_arrival_water_fire, minmay_misc_feat_square
D:2:      nicolae_overflow_crystal_walls, tso_metal_star

Action                   || total
-------------------------++-------
Melee: Short sword       ||    30
Throw: Javelin           ||    13

Vault maps used:
D:1:      dpeg_arrival_water_fire, minmay_misc_feat_square
D:2:      nicolae_overflow_crystal_walls, tso_metal_star

Table legend:
 A = Turns spent in this place as a percentage of turns spent in the entire game.
 B = Non-inter-level travel turns spent in this place as a percentage of non-inter-level travel turns spent in the entire game.
 C = Inter-level travel turns spent in this place as a percentage of turns spent in this place.
 D = Turns resting spent in this place as a percentage of non-inter-level travel turns spent in this place.
 E = Turns spent auto-exploring this place as a percentage of non-inter-level travel turns spent in this place.
 F = Non-inter-level travel turns spent in this place divided by the number of levels of this place that you've seen.
                   A       B       C       D       E      F
               +-------+-------+-------+-------+-------+----------------------
         Total | 100.0 | 100.0 |   0.0 |   0.0 |   0.6 |  81.5
       Dungeon | 100.0 | 100.0 |   0.0 |   0.0 |   0.6 |  81.5
               +-------+-------+-------+-------+-------+----------------------

Table legend:
 A = Kills in this place as a percentage of kills in entire the game.
 B = Kills by you in this place as a percentage of kills by you in the entire game.
 C = Kills by friends in this place as a percentage of kills by friends in the entire game.
 D = Other kills in this place as a percentage of other kills in the entire game.
 E = Experience gained in this place as a percentage of experience gained in the entire game.
 F = Experience gained in this place divided by the number of levels of this place that you have seen.
                   A       B       C       D       E      F
               +-------+-------+-------+-------+-------+----------------------
         Total | 100.0 | 100.0 |  -nan |  -nan | 100.0 |  14.0
       Dungeon | 100.0 | 100.0 |  -nan |  -nan | 100.0 |  14.0
               +-------+-------+-------+-------+-------+----------------------
